AoeStats
← whywhylai222

Arena

507479810Analyzed
3v3 RM · 15d ago on Sep 18, 2026· 38m 1s· 6 players
Game mode
Random Map
Map size
Normal (6 player)
Population
200
Speed
Normal
Resources
Standard
Victory
Conquest
Starting age
Dark Age
Ending age
Imperial Age
RankedLock teamsTeams togetherTeam positionsShared explorationLock speedFull tech treeHidden civsTurbo modeCheats
Victory
Defeat
🇭🇰 Bengalis · Hong Kong SAR China
1467
+17
🇭🇰 Spanish · Hong Kong SAR China
1439
+18
🇭🇰 Hindustanis · Hong Kong SAR China
1419
+19
🇦🇷 Poles · Argentina
1552
-20
🇨🇳 Turks · China
1494
-18
1425
-16
玩印度的哥们硬不起来
1:31 Loom
7:42 Loom
10:49 Feudal Age
16:33 Castle Age
15:32 Double-Bit Axe
17:33 Bow Saw
17:38 Horse Collar
23:15 Heavy Plow
25:35 Wheelbarrow
25:51 Gold Mining
25:51 Stone Mining
25:34 Elite Skirmisher
27:52 Sanctity
27:38 Fletching
30:29 Imperial Age
28:26 Ballistics
28:05 Crossbowman
28:51 Thumb Ring
28:24 Elite Skirmisher
29:03 Bodkin Arrow
29:55 Fervor
31:42 Gold Shaft Mining
31:47 Hand Cart
32:35 Chemistry
31:37 Bracer
32:21 Conscription
32:07 Padded Archer Armor
32:00 Crossbowman
32:53 Thumb Ring
32:53 Pikeman
33:59 Redemption
34:57 Murder Holes
34:34 Arbalester
35:37 Leather Archer Armor
36:11 Stone Shaft Mining
36:49 Crop Rotation
37:20 Two-Man Saw
36:47 Block Printing
[QHB]Hammer warriors
11:00 Feudal Age
11:48 Double-Bit Axe
11:44 Horse Collar
16:08 Castle Age
17:01 Bow Saw
17:38 Heavy Plow
21:35 Szlachta Privileges
21:24 Gold Mining
23:47 Bloodlines
24:44 Husbandry
26:23 Scale Barding Armor
29:49 Chain Barding Armor
29:40 Forging
37:51 Imperial Age
35:59 Wheelbarrow
[QHB] Tony
4:11 Loom
11:07 Feudal Age
15:11 Castle Age
14:07 Double-Bit Axe
17:03 Town Watch
22:21 Imperial Age
Mr.Snake
9:54 Feudal Age
13:52 Castle Age
13:16 Double-Bit Axe
13:48 Gold Mining
15:24 Bow Saw
18:32 Scale Mail Armor
19:30 Squires
21:35 Forging
22:14 Horse Collar
23:56 Chain Mail Armor
26:03 Wheelbarrow
27:22 Iron Casting
27:47 Heavy Plow
32:28 Imperial Age
29:46 Loom
30:36 Scale Barding Armor
31:19 Bloodlines
31:10 Husbandry
32:37 Hand Cart
32:48 Heavy Camel Rider
35:29 Chain Barding Armor
35:41 Conscription
38:15 Plate Barding Armor
whywhylai222
11:06 Feudal Age
14:56 Castle Age
13:22 Stone Mining
14:38 Double-Bit Axe
14:35 Horse Collar
17:00 Heavy Plow
19:13 Loom
22:12 Wheelbarrow
23:15 Bow Saw
24:47 Gold Mining
26:55 Hand Cart
28:46 Padded Archer Armor
28:52 Scale Barding Armor
32:22 Imperial Age
30:39 Leather Archer Armor
30:44 Chain Barding Armor
30:38 Forging
30:05 Light Cavalry
30:59 Bloodlines
32:14 Husbandry
33:27 Conscription
34:45 Two-Man Saw
34:38 Iron Casting
34:04 Hussar
35:36 Plate Barding Armor
36:21 Elite Conquistador
39:12 Blast Furnace
38:42 Ring Archer Armor
lunkan
10:38 Feudal Age
11:15 Loom
11:50 Double-Bit Axe
14:30 Castle Age
12:39 Horse Collar
14:13 Gold Mining
15:27 Bow Saw
18:03 Sanctity
21:14 Gold Shaft Mining
22:05 Redemption
23:58 Fervor
28:41 Wheelbarrow
32:49 Imperial Age
32:58 Scale Mail Armor
33:08 Forging
33:32 Hand Cart
33:32 Fortified Wall
33:06 Pikeman
33:46 Squires
34:29 Block Printing
34:43 Illumination
36:51 Chain Mail Armor
37:12 Iron Casting
36:02 Halberdier
37:22 Conscription
37:20 Heavy Plow
38:16 Fletching
Connection lost

Rejoining the realm…

Still unreachable

The connection could not be restored.

Session expired

The server has moved on; the page needs a fresh start.